 Dungeon Crawl Stone Soup version 0.31-a0-1370-gf52a5a9ab3 (webtiles) character file.

Game seed: 12624509283003388526

237 Fodor the Covered (level 5, -25/47 HPs)
             Began as a Minotaur Fighter on Dec 24, 2023.
             Annihilated by an ogre
             ... wielding a +0 giant club
              (33 damage)
             ... on level 4 of the Dungeon.
             The game lasted 00:14:10 (2784 turns).

Fodor the Covered (Minotaur Fighter)                Turns: 2784, Time: 00:14:10

Health: -25/47     AC:  7    Str: 23    XL:     5   Next: 77%
Magic:  4/4        EV: 10    Int:  5    God:
Gold:   176        SH:  4    Dex:  9    Spells: 4/4 levels left

rFire   . . .        a - +0 war axe
rCold   . . .        c - +0 buckler
rNeg    . . .        b - +0 scale mail
rPois   .            (helmet restricted)
rElec   .            (no cloak)
rCorr   .            (no gloves)
SInv    .            (no boots)
Will    .....        s - amulet of the acrobat Stlth
                     i - ring of flight
HPRegen 0.27/turn    (no ring)
MPRegen 0.09/turn

%: acrobat
@: flying
A: horns 2, retaliatory headbutt
a: no special abilities


You were on level 4 of the Dungeon.
You visited 1 branch of the dungeon, and saw 4 of its levels.

You collected 176 gold pieces.

Inventory:

Hand Weapons
 a - a +0 war axe (weapon)
Armour
 b - a +0 scale mail (worn)
 c - a +0 buckler (worn)
Jewellery
 i - a ring of flight (left hand)
 s - an amulet of the acrobat (around neck)
Wands
 r - a wand of flame (19)
Scrolls
 f - a scroll of enchant weapon {unknown}
 g - a scroll of teleportation {unknown}
 h - 2 scrolls of identify {unknown}
 n - a scroll of immolation {unknown}
 q - a scroll of acquirement {unknown}
 v - a scroll of blinking {unknown}
Potions
 d - a potion of might
 e - 3 potions of heal wounds {unknown}
 j - a potion of invisibility {unknown}
 k - 2 potions of haste {unknown}
 l - 2 potions of attraction {unknown}
 m - 2 potions of mutation {unknown}
 o - a potion of magic {unknown}
 p - 2 potions of curing {unknown}
 t - a potion of brilliance {unknown}
 u - 2 potions of cancellation {unknown}
 w - 2 potions of lignification {unknown}


   Skills:
 + Level 4.6 Fighting
 + Level 4.8 Axes
 + Level 5.1 Armour
 + Level 1.4 Dodging
 + Level 0.1 Stealth
 + Level 4.2 Shields


You had 4 spell levels left.
You didn't know any spells.
Your spell library contained the following spells:

 Spells                   Type           Power      Damage    Failure   Level
 Ensorcelled Hibernation  Hex/Ice        0%         N/A       93%         2
 Passwall                 Alch/Erth      0%         N/A       93%         2
 Swiftness                Air            0%         N/A       99%         3


Dungeon Overview and Level Annotations

Branches:
Dungeon (4/15)
 Temple: D:4-7

Altars:


Innate Abilities, Weirdness & Mutations

You have a pair of horns on your head.
You reflexively headbutt those who attack you in melee.


Message History

You now have 176 gold pieces (gained 17).
A hobgoblin comes into view.
The hobgoblin shouts!
You block the hobgoblin's attack. The hobgoblin completely misses you.
You hit the hobgoblin but do no damage. You headbutt the hobgoblin.
You kill the hobgoblin!
A kobold comes into view.
It is wielding a +0 whip and quivering poisoned darts.
The kobold throws a poisoned dart.
You block the poisoned dart.
You hit the kobold.
The kobold is severely wounded.
The kobold splashes around in the water. x2
You closely miss the kobold.
The kobold is severely wounded.
The kobold hits you with a +0 whip.
You hit the kobold.
You kill the kobold!
You hear a splash. x2
Things that are here:
a +0 whip; 7 poisoned darts
Found a stone staircase leading up.
Found a sedimented coppery potion.
p - 2 sedimented coppery potions (gained 1)
Found 2 fizzy black potions.
w - 2 fizzy black potions
Found 7 stones.
An ogre comes into view. It is wielding a +0 giant club.
The ogre shouts!
You hit the ogre.
The ogre is moderately wounded.
The ogre hits you with a +0 giant club!!
You barely miss the ogre. Your headbutt misses the ogre.
The ogre is moderately wounded.
The ogre hits you with a +0 giant club!!
* * * LOW HITPOINT WARNING * * *
You hit the ogre.
The ogre is heavily wounded.
The ogre hits you with a +0 giant club!!
Ouch! That really hurt!
You die...

### #.. #.#
#O# #@# #.#
#.# #.# #.#
#.#
#.#.#.####
#.#.#.....
.#
##.#.#.....
#.


You could see an ogre.

Vanquished Creatures
  A black bear (D:4)
  6 adders
  3 worms
  3 dart slugs
  2 orcs
  3 ball pythons
  7 endoplasms
  3 giant cockroaches
  5 goblins
  6 hobgoblins
  5 jackals
  9 kobolds
  3 quokkas
  6 bats
  3 frilled lizards
  5 rats
70 creatures vanquished.

Notes
Turn   | Place    | Note
-------+----------+-------------------------------------------
     0 | D:1      | Fodor the Minotaur Fighter began the quest for the Orb.
     0 | D:1      | Reached XP level 1. HP: 19/19 MP: 0/0
    96 | D:1      | Reached XP level 2. HP: 24/27 MP: 1/1
   186 | D:1      | Reached skill level 4 in Armour
   594 | D:1      | Reached XP level 3. HP: 27/33 MP: 2/2
  1310 | D:2      | Identified the +1 helmet of the Shishi {Fly Str-2 Int+3}
  1367 | D:2      | Reached XP level 4. HP: 40/40 MP: 3/3
  2440 | D:4      | Noticed a black bear
  2447 | D:4      | Killed a black bear
  2448 | D:4      | Reached skill level 5 in Armour
  2448 | D:4      | Reached skill level 1 in Dodging
  2448 | D:4      | Reached XP level 5. HP: 28/47 MP: 4/4
  2779 | D:4      | Noticed an ogre
  2784 | D:4      | Annihilated by an ogre

Illustrated notes

Levels and vault maps discovered:
D:1:      scummos_arrival_simple_fountains, layout_basic
D:2:      layout_basic, minmay_crystal_water
D:3:      layout_loops_corners
D:4:      wander_river, layout_basic, minmay_fractal_squares_5, uniq_sigmund

Skill      XL: |  1  2  3  4 |
---------------+-------------+-----
Shields        | 4 |  4.2
Armour         | 4 5 |  5.1
Axes           | 3 4 |  4.8
Fighting       | 4 |  4.6
Dodging        | 1 |  1.4
Stealth        | |  0.1

Action                     |  1- 3 |  4- 6 || total
---------------------------+-------+-------++-------
  Melee: War axe           |    65 |    72 ||   137
         Headbutt          |     9 |    11 ||    20
 Armour: Scale mail        |    56 |    51 ||   107
  Dodge: Dodged            |    28 |    44 ||    72
  Block: Buckler           |    17 |    16 ||    33

Table legend: (Time is in decaauts)
 A = Elapsed time spent in this place.
 B = Non-inter-level travel time spent in this place.
 C = Inter-level travel time spent in this place.
 D = Time resting spent in this place.
 E = Time spent auto-exploring this place.
 F = Levels seen in this place.
 G = Mean time per level.
                   A        B        C        D        E       F      G
               +--------+--------+--------+--------+--------+-----+--------+
         Total |   2832 |   2743 |     89 |      0 |      0 |   4 |  708.0 |
       Dungeon |   2832 |   2743 |     89 |      0 |      0 |   4 |  708.0 |
               +--------+--------+--------+--------+--------+-----+--------+

Top non-repeatable levels by time:
     D:3: 927 daAuts
     D:1: 853 daAuts
     D:2: 699 daAuts
     D:4: 351 daAuts
